Map: Submarine LE

Players

Serral - Winner!

  • Race: Zerg Zerg
  • League: Grandmaster
  • Spawn Location: 5:00

Van (Vanya)

  • Race: Zerg Zerg
  • Spawn Location: 11:00

Event: DreamHack SC2 Masters 2020 Fall

VOD

Have the link to the VOD?

Description

Time

  • Played on: Aug. 29, 2020, 2:09 p.m.
  • Length: 5:51

All games in this series

Show
View Real Time Build Order
Export as new Build Order

Serral Zerg - Winner!

Build Orders: Pool First 

Get SALT Encoding   

  12  0:00  Drone  
  13  0:12  Overlord  
  13  0:17  Drone  
  14  0:31  Drone x2  
  14  0:35  Drone  
  17  0:43  Spawning Pool  
  17  0:47  Drone  
  17  1:07  Hatchery  
  17  1:10  Drone  
  17  1:12  Extractor  
  17  1:15  Drone  
  17  1:18  Drone  
  18  1:27  Drone  
  18  1:31  Queen  
  21  1:38  Overlord  
  21  1:49  Zergling x2  
  22  2:00  Drone  
  23  2:07  Queen  
  25  2:10  Drone  
  25  2:12  Metabolic Boost  
  26  2:19  Drone, Queen  
  26  2:22  Drone  
  30  2:32  Zergling x2  
  30  2:33  Overlord  
  31  2:38  Baneling Nest  
  31  2:40  Drone x2  
  31  2:43  Drone  
  33  2:46  Drone  
  33  2:48  Drone  
  36  2:51  Drone  
  36  2:56  Drone  
  37  3:08  Hatchery  
  36  3:13  Zergling x4  
  36  3:19  Overlord  
  38  3:20  Zergling x2  
  38  3:21  Zergling x2  
  38  3:24  Baneling x2  
  38  3:25  Zergling x2  
  41  3:28  Zergling x2  
  42  3:35  Zergling x4  
  44  3:42  Zergling x6  
  42  3:51  Queen  
  42  3:55  Zergling x10  
  47  4:02  Baneling x4  
  47  4:07  Zergling x6  
  50  4:10  Evolution Chamber  
  50  4:14  Zergling x6  
  49  4:28  Drone x3  
  49  4:31  Drone x2  
  52  4:34  Queen  
  53  4:48  Overlord  
  53  4:49  Drone  
  53  4:52  Roach Warren, Zergling x2  
  54  4:53  Zergling x2  
  54  4:57  Zergling x2  
  54  4:58  Zergling x2  
  50  5:01  Zergling x2  
  50  5:02  Zergling x2  
  51  5:07  Zergling x2  
  51  5:08  Spine Crawler, Zergling x2  
  51  5:09  Baneling x3  
  51  5:10  Baneling  
  51  5:16  Zergling x8  
  51  5:19  Baneling  
  55  5:24  Zergling x8  
Show
View Real Time Build Order
Export as new Build Order

Van Zerg 

Build Orders: Hatch First 

Get SALT Encoding   

  12  0:00  Drone  
  13  0:12  Overlord  
  13  0:17  Drone  
  14  0:30  Drone x2  
  16  0:47  Hatchery  
  15  0:50  Drone  
  15  0:54  Drone  
  17  0:57  Drone  
  18  1:08  Extractor  
  17  1:12  Spawning Pool  
  17  1:15  Drone  
  17  1:18  Drone  
  18  1:27  Drone  
  19  1:38  Drone  
  20  1:49  Overlord  
  20  1:59  Queen  
  20  2:00  Zergling x4  
  20  2:01  Queen  
  26  2:07  Metabolic Boost  
  26  2:10  Drone x2  
  28  2:21  Drone  
  28  2:22  Drone  
  30  2:33  Hatchery  
  30  2:36  Drone  
  30  2:42  Drone  
  31  2:45  Drone  
  31  2:48  Overlord  
  32  2:53  Drone  
  32  2:56  Drone  
  33  3:02  Evolution Chamber  
  32  3:05  Drone  
  32  3:09  Zergling x8  
  32  3:12  Zergling x4  
  39  3:13  Zergling x2  
  40  3:24  Roach Warren  
  40  3:25  Zergling x4  
  41  3:29  Zerg Ground Armor Level 1  
  41  3:35  Overlord  
  41  3:41  Overlord  
  41  3:46  Zergling x6  
  39  3:50  Zergling x4  
  39  3:54  Zergling x2  
  39  3:55  Zergling x2  
  41  4:06  Roach x4  
  41  4:09  Roach  
  49  4:18  Roach, Zergling x4  
  52  4:26  Roach, Zergling x6  
  52  4:32  Overlord  
  52  4:39  Roach, Zergling x2  
  52  4:40  Zergling x2  
  52  4:44  Roach  
  58  4:52  Zergling x8  
  62  5:05  Overlord  
  61  5:16  Hatchery  
  61  5:19  Overlord  
  59  5:25  Zergling x8  
  59  5:29  Roach  
  59  5:31  Ravager  
  59  5:33  Zergling x4  
  47  5:42  Ravager  

Tags
 
Add a new tag
Caveats
  • Supply blocks, unpowered buildings, or Contaminate may cause inaccurate times.
  • Supply counts are checked every 10 seconds.